 Dungeon Crawl Stone Soup version 0.20.1-1-g8b1a95d (webtiles) character file.

119 mastercheaf21 the Covert (level 5, 0/34 HPs)
             Began as an Octopode Assassin on Nov 7, 2017.
             Slain by a gnoll
             ... wielding a +0 spear
              (5 damage)
             ... on level 3 of the Dungeon.
             The game lasted 00:06:02 (1580 turns).

mastercheaf21 the Covert (Octopode Assassin)        Turns: 1580, Time: 00:06:03

Health: 0/34       AC:  1    Str: 10    XL:     5   Next: 3%
Magic:  5/5        EV: 13    Int: 13    God:
Gold:   107        SH:  0    Dex: 15    Spells: 4/4 levels left

rFire    . . .     SeeInvis .   a - +2 dagger
rCold    . . .     Gourm    .   (no shield)
rNeg     . . .     Faith    .   (helmet restricted)
rPois    .         Spirit   .   (no amulet)
rElec    .         Reflect  .   (no ring)
rCorr    .         Harm     .   (no ring)
MR       .....                  (no ring)
Stlth    +++++.....             (no ring)
Regen    0.2/turn               (no ring)
MPRegen  0.1/turn               (no ring)
                                (no ring)
                                (no ring)

@: lethally poisoned (0 -> -4)
A: almost no armour, stealthy swim, amphibious, 8 rings, constrict 8, camouflage
1, gelatinous body 1
a: no special abilities


You were on level 3 of the Dungeon.
You were not hungry.

You visited 1 branch of the dungeon, and saw 3 of its levels.

You collected 107 gold pieces.

Inventory:

Hand Weapons
 a - a +2 dagger (weapon)
 b - a +0 blowgun
Missiles
 c - 8 poisoned needles
 d - 2 curare-tipped needles
Scrolls
 e - 3 scrolls of identify {unknown}
 g - 5 scrolls of remove curse {unknown}
 l - a scroll of fog {unknown}
Potions
 h - 2 potions of heal wounds {unknown}
 k - a potion of curing {unknown}
Comestibles
 f - 2 bread rations
 i - a royal jelly
 j - 2 meat rations


   Skills:
 - Level 2.0 Fighting
 - Level 2.0 Short Blades
 - Level 2.0 Throwing
 - Level 1.0 Dodging
 + Level 8.5 Stealth


You had 4 spell levels left.
You didn't know any spells.

Dungeon Overview and Level Annotations

Branches:
Dungeon (3/15)

Altars:
Hepliaklqana
Vehumet


Innate Abilities, Weirdness & Mutations

You cannot wear most types of armour.
You are very stealthy in the water. (Stealth+)
You are amphibious.
You can wear up to eight rings at the same time.
You can use your tentacles to constrict eight enemies at once.
Your skin changes colour to match your surroundings (Stealth+).
Your rubbery body absorbs attacks. (AC +1, EV +1)


Message History

The adder is almost dead.
You constrict the adder.
You kill the adder!
You have reached level 5!
You feel agile.
You feel sick. The hobgoblin barely misses you.
The gnoll hits you from afar with a spear.
You feel sick. The hobgoblin barely misses you.
The gnoll hits you with a spear.
* * * LOW HITPOINT WARNING * * *
You hit the gnoll. Your grab misses the gnoll.
The gnoll is lightly wounded.
The gnoll barely misses you. The hobgoblin closely misses you.
An orc comes into view. It is wielding a hand axe.
Unknown command.
You hit the gnoll but do no damage. Your grab misses the gnoll.
The gnoll is lightly wounded.
* * * LOW HITPOINT WARNING * * *
You feel sick. The gnoll hits you with a spear.
You die...

(...# ##.#####.#
#........... ##.##
##..# ##.#
#...../....#
#.####..##
#..###.#......?o#
#.##.<.##
#...##.#.#..o....
#.##.###
####.#.##<.).....o.o
#.#..#
#....#.###..o#......
#.#.## .
..##..oo..).## o....
#.#.#
....####g#o...# ..#.
#...#
........@gg...# .#
#..##
....##...#o...# #
#### # #)###....# #.
#....... ..
#.......# #.#
......### .! #######
..#


You could see an orc wizard, a gnoll, 4 orcs and 2 hobgoblins.

Vanquished Creatures
  3 gnolls (D:3)
  3 adders
  An ooze (D:2)
  4 worms
  2 dart slugs
  A leopard gecko (D:2)
  A ball python (D:1)
  4 bats
  A giant cockroach (D:1)
  8 hobgoblins
  3 jackals (D:2)
  A quokka (D:2)
  5 goblins
  3 kobolds
  4 rats
44 creatures vanquished.

Notes
Turn   | Place    | Note
-------+----------+-------------------------------------------
     0 | D:1      | mastercheaf21 the Octopode Assassin began the quest for the Orb.
     0 | D:1      | Reached XP level 1. HP: 14/14 MP: 1/1
   152 | D:1      | Reached skill level 6 in Stealth
   152 | D:1      | Reached XP level 2. HP: 16/19 MP: 2/2
   743 | D:2      | Reached XP level 3. HP: 24/24 MP: 3/3
   855 | D:2      | Reached skill level 7 in Stealth
   913 | D:2      | Found a radiant altar of Vehumet.
  1067 | D:2      | Reached XP level 4. HP: 29/29 MP: 4/4
  1406 | D:3      | Reached skill level 8 in Stealth
  1551 | D:3      | Found a hazy altar of Hepliaklqana.
  1577 | D:3      | Reached XP level 5. HP: 19/34 MP: 5/5
  1580 | D:3      | Slain by a gnoll

Skill      XL: |  1  2  3  4 |
---------------+-------------+-----
Stealth        | 6 7 8 |  8.5
Fighting       | |  2.0
Short Blades   | |  2.0
Throwing       | |  2.0
Dodging        | |  1.0

Action                   |  1- 3 |  4- 6 || total
-------------------------+-------+-------++-------
Melee: Dagger            |    45 |    25 ||    70
       Constrict         |    10 |     3 ||    13
       Tentacles         |     8 |     4 ||    12
 Stab: Sleeping          |    15 |     7 ||    22
       Distracted        |     1 |       ||     1
  Eat: Chunk             |       |     2 ||     2
Armor: Skin              |     3 |       ||     3
Dodge: Dodged            |    19 |    14 ||    33
